 Dungeon Crawl Stone Soup version 0.29-a0-341-g24ffce5b50 (webtiles) character file.

Game seed: 3571073460560198070

347 zishaf the Sneak (level 6, -4/28 HPs)
             Began as a Spriggan Enchanter on Apr 20, 2022.
             Was an Initiate of Dithmenos.
             Slain by a gnoll
             ... wielding a +0 spear
              (7 damage)
             ... on level 5 of the Dungeon.
             The game lasted 00:14:57 (6736 turns).

zishaf the Sneak (Spriggan Enchanter)               Turns: 6736, Time: 00:14:57

Health: -4/28      AC:  2    Str: 10    XL:     6   Next: 33%
Magic:  20/20      EV: 19    Int: 18    God:    Dithmenos [......]
Gold:   174        SH:  0    Dex: 16    Spells: 9/11 levels left

rFire   . . .      SeeInvis +   a - +1 dagger (elec)
rCold   . . .      Faith    .   (no shield)
rNeg    . . .      Spirit   .   b - +0 robe
rPois   .          Reflect  .   (helmet restricted)
rElec   .          Harm     .   (no cloak)
rCorr   .          Rampage  .   (gloves unavailable)
Will    +....                   (boots unavailable)
Stlth   +++.......              (no amulet)
HPRegen 0.09/turn               i - +6 ring of strength
MPRegen 0.17/turn               e - ring of magical power

@: very quick
A: very small, no large weapons, unfitting armour, see invisible, speed 3
a: Renounce Religion


You were on level 5 of the Dungeon.
You worshipped Dithmenos.
Dithmenos was noncommittal.
You visited 2 branches of the dungeon, and saw 6 of its levels.

You collected 174 gold pieces.

Inventory:

Hand Weapons
 a - a +1 dagger of electrocution (weapon)
 u - a +1 dagger
 v - a +0 hunting sling
 y - a +2 rapier of venom
Missiles
 d - 4 datura-tipped darts (quivered)
Armour
 b - a +0 robe (worn)
Jewellery
 e - a ring of magical power (right hand)
 i - a +6 ring of strength (left hand)
 n - a ring of fire
Wands
 p - a wand of charming (1)
Scrolls
 m - a scroll of fear
 o - a scroll of vulnerability {unknown}
 q - 3 scrolls of enchant armour {unknown}
 r - a scroll of fog
 t - 2 scrolls of teleportation
 w - 2 scrolls of blinking
Potions
 c - 3 potions of invisibility
 f - 3 potions of attraction
 g - a potion of mutation {unknown}
 h - a potion of curing
 j - a potion of cancellation {unknown}
 k - a potion of might {unknown}
 l - a potion of heal wounds {unknown}
 s - a potion of resistance {unknown}
 x - 2 potions of flight {unknown}
 z - a potion of lignification {unknown}


   Skills:
 + Level 3.3 Short Blades
 + Level 4.6 Dodging
 + Level 6.4 Stealth
 - Level 3.0 Spellcasting
 * Level 5.0 Hexes
 + Level 2.7 Evocations


You had 9 spell levels left.
You knew the following spells:

 Your Spells              Type           Power      Damage    Failure   Level
a - Ensorcelled Hibernat  Hex/Ice        22%        N/A       9%          2

Your spell library contained the following spells:

 Spells                   Type           Power      Damage    Failure   Level
 Confusing Touch          Hex            20%        N/A       6%          3
 Tukima's Dance           Hex            20%        N/A       6%          3
 Freeze                   Ice            8%         1d3       16%         1
 Sandblast                Erth           4%         2d4       16%         1
 Dazzling Flash           Conj/Hex       22%        N/A       17%         3
 Blink                    Tloc           4%         N/A       24%         2
 Passwall                 Tmut/Erth      1%         N/A       24%         2
 Frozen Ramparts          Ice            4%         1d2       43%         3
 Lesser Beckoning         Tloc           2%         N/A       43%         3
 Stone Arrow              Conj/Erth      4%         3d7       43%         3
 Hailstorm                Conj/Ice       2%         3d3       85%         4
 Passage of Golubria      Tloc           2%         N/A       85%         4
 Yara's Violent Unravell  Hex/Tmut       5%         3d4       85%         5
 Iskenderun's Battlesphe  Conj           2%         2d6       99%         5
 Manifold Assault         Tloc           2%         N/A       99%         5
 Iron Shot                Conj/Erth      1%         9d1       100%        6
 Enfeeble                 Hex            10%        N/A       100%        7
 Spellforged Servitor     Conj/Summ      1%         N/A       100%        7


Dungeon Overview and Level Annotations

Branches:
Dungeon (5/15)             Temple (1/1) D:4

Altars:
Ashenzari
Dithmenos
Elyvilon
Fedhas
Gozag
Hepliaklqana
Kikubaaqudgha
Makhleb
Okawaru
Qazlal
Ru
Sif Muna
Trog
Vehumet
Wu Jian
Xom
Yredelemnul
Zin
The Shining One

Shops:
D:5 (


Innate Abilities, Weirdness & Mutations

You are very small and have problems with some larger weapons.
You are too small for most types of armour.
You have supernaturally acute eyesight. (SInv)
You cover ground extremely quickly. (Speed+++)


Message History

Aim: a gnoll, wielding a +0 spear (chance to affect: 53%)
The gnoll resists with significant effort.
The centaur shouts!
The centaur wields a +0 shortbow.
The centaur shoots an arrow.
The arrow closely misses you. The gnoll hits you but does no damage.
You hear a shout!
Casting: Ensorcelled Hibernation (safe; 9% risk of failure)
Confirm with . or Enter, or press ? or * to list all spells.
Aiming: Ensorcelled Hibernation (safe; 9% risk of failure)
Press: ? - help, Shift-Dir - straight line, f/p - gnoll
Aim: a gnoll, wielding a +0 spear (chance to affect: 53%)
The gnoll resists with significant effort.
You hear a shout!
The centaur shoots an arrow.
The arrow hits you! The gnoll misses you.
The centaur shoots an arrow.
The arrow misses you. The gnoll barely misses you.
You climb upwards.
There is a stone staircase leading down here.
You start resting.
Magic restored.
You start resting.
HP restored.
You climb downwards.
The centaur shoots an arrow.
The arrow completely misses you.
The arrow hits the orc!
The orc dies!
The centaur shoots an arrow.
The arrow misses you.
There is a stone staircase leading up, spattered with blood here.
The centaur shoots an arrow.
The arrow hits you.
The centaur shoots an arrow.
The arrow completely misses you.
You climb upwards.
There is a stone staircase leading down here.
You start resting.
HP restored.
You climb downwards.
The centaur shoots an arrow.
The arrow hits you!
There is a stone staircase leading up, spattered with blood here.
The centaur shoots an arrow.
The arrow hits you!
Ouch! That really hurt!
* * * LOW HITPOINT WARNING * * *
The gnoll hits you from afar with a +0 spear!
You die...

.. #.#
#.#######
#.#.<...#
######....)#.#
#.......##.#
..##.?..[g.#
.#
....c..<..)#
.#
....##+##@##
.# .
..........#.#
.....##.#.#.#
##.. #.#.# +..
..# # ## #.#
#.# #.#


You could see a centaur and a gnoll.

Vanquished Creatures
  A kobold brigand (D:4)
  An orc priest (D:3)
  An iguana (D:4)
  9 gnolls
  5 adders
  A dart slug (D:1)
  4 orcs
  4 bats (D:1)
  4 endoplasms
  4 giant cockroaches
  6 goblins
  4 hobgoblins
  4 jackals
  19 kobolds
  3 quokkas
  9 ball pythons
  5 frilled lizards
  6 rats
90 creatures vanquished.

Vanquished Creatures (others)
  An orc (D:5)
  21 plants
22 creatures vanquished.

Grand Total: 112 creatures vanquished

Notes
Turn   | Place    | Note
-------+----------+-------------------------------------------
     0 | D:1      | zishaf the Spriggan Enchanter began the quest for the Orb.
     0 | D:1      | Reached XP level 1. HP: 9/9 MP: 5/5
    63 | D:1      | Reached XP level 2. HP: 13/13 MP: 6/6
   194 | D:1      | Learned a level 2 spell: Ensorcelled Hibernation
   622 | D:1      | Reached XP level 3. HP: 16/16 MP: 8/8
   758 | D:1      | Reached skill level 5 in Stealth
  1549 | D:2      | Found a faded altar of an unknown god.
  2594 | D:3      | Reached XP level 4. HP: 21/21 MP: 6/9
  2969 | D:3      | Reached skill level 1 in Evocations
  3011 | D:3      | Reached XP level 5. HP: 24/24 MP: 5/10
  3160 | D:3      | Identified the +8 battleaxe "Cesmip" {speed, rN+ Int+5}
  3881 | D:4      | Found a staircase to the Ecumenical Temple.
  3901 | Temple   | Entered the Ecumenical Temple
  4200 | Temple   | Became a worshipper of Dithmenos the Shadowed
  4959 | D:4      | Reached skill level 6 in Stealth
  5255 | D:5      | Entered Level 5 of the Dungeon
  5255 | D:5      | Found Tumm's Antique Weapon Shoppe.
  5326 | D:5      | Noticed a centaur
  6068 | D:4      | HP: 1/24 [poisoned by a kobold brigand (curare-tipped
                  | dart)]
  6076 | D:4      | Reached XP level 6. HP: 5/28 MP: 3/11
  6085 | D:4      | Reached skill level 5 in Hexes
  6736 | D:5      | Slain by a gnoll

Illustrated notes

Levels and vault maps discovered:
D:1:      psy_arrival_radial01, layout_loops_ring,
          chequers_serial_rivers_small_3, nicolae_grassy_gnolls
D:2:      layout_loops_ring, shapermc_ecumenical_altar_pompeii
D:3:      layout_loops_ring, serial_glass, glass_columns_b, glass_columns_c,
          glass_columns_b, glass_columns_a, lexackson_kobold_supper
D:4:      layout_basic, minmay_temple_entry_butterflies,
          hangedman_decor_diamond_cutter
D:5:      layout_basic, serial_shops, nicolae_shop_waterfront
Temple:   mainiacjoe_temple_bowtie_tessellation

Skill      XL: |  1  2  3  4  5  6 |
---------------+-------------------+-----
Dodging        | 3 4 |  4.6
Spellcasting   | 3 |  3.0
Hexes          | 4 5 |  5.0
Stealth        | 5 6 |  6.4
Short Blades   | 2 3 |  3.3
Evocations     | 1 2 |  2.7

Action                   |  1- 3 |  4- 6 || total
-------------------------+-------+-------++-------
Melee: Dagger            |    90 |    80 ||   170
       Punch             |     2 |       ||     2
 Cast: Ensorcelled Hiber |    36 |    59 ||    95
  Use: Scroll            |       |     8 ||     8
       Potion            |       |     2 ||     2
 Stab: Sleeping          |    24 |    40 ||    64
Armor: Robe              |    12 |     7 ||    19
Dodge: Dodged            |    97 |    90 ||   187

Table legend: (Time is in decaauts)
 A = Elapsed time spent in this place.
 B = Non-inter-level travel time spent in this place.
 C = Inter-level travel time spent in this place.
 D = Time resting spent in this place.
 E = Time spent auto-exploring this place.
 F = Levels seen in this place.
 G = Mean time per level.
                   A        B        C        D        E       F      G
               +--------+--------+--------+--------+--------+-----+--------+
         Total |   5336 |   5132 |    204 |   1446 |   2772 |   6 |  889.3 |
       Dungeon |   5121 |   4970 |    151 |   1446 |   2622 |   5 | 1024.2 |
        Temple |    215 |    162 |     53 |      0 |    150 |   1 |  215.0 |
               +--------+--------+--------+--------+--------+-----+--------+

Top non-repeatable levels by time:
     D:4: 2100 daAuts
     D:2: 1115 daAuts
     D:1: 959 daAuts
     D:3: 920 daAuts
  Temple: 215 daAuts
     D:5: 26 daAuts
